 Dungeon Crawl Stone Soup version 0.29-a0-234-g0dae59b3db (webtiles) character file.

Game seed: 4918398446617527463

4080 BubbleThief the Grappler (level 10, -4/100 (102) HPs)
             Began as a Troll Monk on Mar 4, 2022.
             Was an Elder of Wu Jian.
             Slain by a tentacled starspawn (15 damage)
             ... on level 1 of the Abyss.
             The game lasted 00:10:49 (6950 turns).

BubbleThief the Grappler (Troll Monk)               Turns: 6950, Time: 00:10:50

HP:   -4/100 (102)  AC:  8    Str: 21    XL:     10   Next: 5%
MP:   27/27         EV: 10    Int:  6    God:    Wu Jian [****..]
Gold: 473           SH:  0    Dex: 16    Spells: 9/9 levels left

rFire   + + .      SeeInvis .     - Unarmed
rCold   . . .      Faith    .   (no shield)
rNeg    . . .      Spirit   .   B - +0 steam dragon scales
rPois   .          Reflect  .   (helmet restricted)
rElec   .          Harm     .   n - +0 cloak
rCorr   .          Rampage  .   (gloves unavailable)
Will    .....                   (boots unavailable)
Stlth   ++........              o - amulet of the acrobat
HPRegen 1.06/turn               i - ring of magical power
MPRegen 0.20/turn               x - ring of Boumoni {rF++ MP+9}

@: lightly drained
A: large, unfitting armour, claws 3, regeneration 1, shaggy fur 1, tough skin 1
a: Renounce Religion, Wall Jump, Serpent's Lash


You were on level 1 of the Abyss.
You worshipped Wu Jian.
Wu Jian was greatly pleased with you.
You visited 1 branch of the dungeon, and saw 9 of its levels.
You visited the Abyss 1 time.

You collected 473 gold pieces.

Inventory:

Missiles
 a - a throwing net (quivered)
Armour
 n - a +0 cloak (worn)
 B - +0 steam dragon scales (worn)
Jewellery
 i - a ring of magical power (left claw)
 o - an amulet of the acrobat (around neck)
 x - the ring of Boumoni (right claw) {rF++ MP+9}
   (You found it on level 5 of the Dungeon)

   [ring of magical power]

   rF:        It greatly protects you from fire.
   MP:        It affects your magic capacity (+9).
 G - a +4 ring of protection
Wands
 h - a wand of flame (15)
 l - a wand of acid (13)
 t - a wand of paralysis (13)
 u - a wand of iceblast (6)
 F - a wand of charming (10)
Scrolls
 c - 5 scrolls of fog {unknown}
 d - 2 scrolls of enchant armour {unknown}
 e - 6 scrolls of identify {unknown}
 j - 2 scrolls of amnesia {unknown}
 k - 3 scrolls of teleportation {unknown}
 p - a scroll of holy word {unknown}
 v - a scroll of blinking {unknown}
 y - a scroll of fear {unknown}
 C - a scroll of immolation {unknown}
 D - a scroll of magic mapping {unknown}
 E - 2 scrolls of noise {unknown}
Potions
 b - 5 potions of curing {unknown}
 f - a potion of invisibility {unknown}
 g - 2 potions of lignification {unknown}
 m - 2 potions of mutation {unknown}
 q - a potion of berserk rage {unknown}
 r - a potion of flight {unknown}
 s - a potion of heal wounds {unknown}
 w - a potion of might {unknown}
 z - a potion of brilliance {unknown}
 A - a potion of degeneration {unknown}


   Skills:
 + Level 7.5 Fighting
 - Level 2.4 Dodging
 - Level 1.0 Stealth
 * Level 12.2 Unarmed Combat


You had 9 spell levels left.
You didn't know any spells.
Your spell library contained the following spells:

 Spells                   Type           Power      Damage    Failure   Level
 Flame Wave               Conj/Fire      0%         2d4       99%         4
 Blade Hands              Tmut           0%         N/A       100%        5
 Freezing Cloud           Conj/Ice/Air   0%         6-21      100%        5
 Irradiate                Conj/Tmut      0%         3d14      100%        5
 Starburst                Conj/Fire      0%         6d3       100%        6
 Dragon Form              Tmut           0%         N/A       100%        7


Dungeon Overview and Level Annotations

Branches:
Dungeon (9/15)             Temple (0/1) D:6
   Lair: D:8-11         Orc: D:9-12

Altars:
Cheibriados
Dithmenos
Elyvilon
Kikubaaqudgha
Makhleb
Ru
Sif Muna
Uskayaw
Vehumet
Wu Jian
Yredelemnul
Zin

Shops:
D:7 (

Annotations:
D:9 Psyche


Innate Abilities, Weirdness & Mutations

You are too large for most types of armour.
You have claws for hands.
Your natural rate of healing is unusually fast.
You are covered in fur. (AC +1)
You have tough skin. (AC +1)


Message History

The large abomination is moderately damaged.
You mangle the large abomination!!
The large abomination is almost destroyed.
The large abomination hits you!
You barely miss the large abomination.
The large abomination is almost destroyed.
The large abomination completely misses you.
You scratch the large abomination but do no damage.
The large abomination is almost destroyed.
You scratch the large abomination but do no damage.
The large abomination is almost destroyed.
The large abomination hits you!!
You claw the large abomination!
You destroy the large abomination!
That felt strangely unrewarding.
No target in view!
A tentacle flies out from the starspawn's body!
A starspawn tentacle comes into view.
You mangle the tentacled starspawn!!
The tentacled starspawn is moderately damaged.
The tentacled starspawn bites you.
The tentacled starspawn tentacle-slaps you!
You are too injured to fight recklessly!
You are too injured to fight recklessly!
You are too injured to fight recklessly!
You claw the tentacled starspawn!
The tentacled starspawn is heavily damaged.
The starspawn tentacle completely misses you.
You scratch the tentacled starspawn.
The tentacled starspawn is heavily damaged.
The tentacled starspawn bites you.
The tentacled starspawn barely misses you.
The starspawn tentacle grabs you. The starspawn tentacle constricts you.
You scratch the tentacled starspawn but do no damage.
The starspawn tentacle loses its grip on you.
The tentacled starspawn is heavily damaged.
The tentacled starspawn bites you!!
* * * LOW HITPOINT WARNING * * *
The tentacled starspawn tentacle-slaps you!
You die...

. . #. . ..
####...# # ....
... #.#...# #...
.# ##..#.#. .
... ###
.#........
..###..# . ..
..#### .##.#..##
.# # . .
#.#.#X##...#
.... . . . .
#w@.# ## .# # .#
. #.......# ..#
# #..# #......##
.. ..#
#........... .
##..###
.....#.#....#
..#.#
##..#...###.....
. ......##.#.#
##.### . ..#.#..
.#... ## #.. ...
.


You could see a tentacled starspawn and a starspawn tentacle.

Vanquished Creatures
  A wretched star (Abyss:1)
  Grinder (D:4)
  A large abomination (Abyss:1)
  Sigmund (D:4)
  A wraith (D:7)
  3 steam dragons
  Menkaure (D:7)
  A water moccasin (D:8)
  A sky beast (D:5)
  A black bear (D:7)
  An orc warrior (D:8)
  An ice beast (D:5)
  An ogre (D:5)
  5 centaurs
  3 kobold brigands
  2 necrophages (D:5)
  A bullfrog (D:7)
  13 killer bees (D:8)
  4 howler monkeys
  2 hounds
  A gnoll shaman (D:7)
  3 jellies
  Crazy Yiuf (D:3)
  7 orc priests
  7 orc wizards
  Jessica (D:2)
  3 iguanas
  8 gnolls
  8 adders
  A shadow imp (D:6)
  An ufetubus (D:7)
  2 worms
  3 dart slugs
  29 orcs
  8 endoplasms
  6 giant cockroaches
  10 goblins
  7 hobgoblins
  7 jackals
  6 quokkas
  3 training dummies (D:7)
  9 ball pythons
  5 bats
  A frilled lizard (D:2)
  18 kobolds
  2 rats
202 creatures vanquished.

Vanquished Creatures (others)
  2 orcs (D:8)
2 creatures vanquished.

Grand Total: 204 creatures vanquished

Notes
Turn   | Place    | Note
-------+----------+-------------------------------------------
     0 | D:1      | BubbleThief the Troll Monk began the quest for the Orb.
     0 | D:1      | Reached XP level 1. HP: 22/22 MP: 0/0
   108 | D:1      | Reached XP level 2. HP: 29/29 MP: 1/1
   656 | D:1      | Found a faded altar of an unknown god.
   673 | D:1      | Reached XP level 3. HP: 36/36 MP: 2/2
   933 | D:2      | Reached skill level 4 in Unarmed Combat
  1143 | D:2      | Got the Handbook of Limitation
  1337 | D:2      | Reached XP level 4. HP: 45/45 MP: 3/3
  1389 | D:2      | Noticed Jessica
  1396 | D:2      | Killed Jessica
  1697 | D:3      | Reached skill level 5 in Unarmed Combat
  1697 | D:3      | Reached XP level 5. HP: 46/53 MP: 4/4
  1784 | D:3      | Found a radiant altar of Vehumet.
  1804 | D:3      | Found a runed translucent door.
  1805 | D:3      | Noticed Crazy Yiuf
  1985 | D:3      | Found an ornate altar of the Wu Jian Council.
  1987 | D:3      | Found an ancient bone altar of Kikubaaqudgha.
  1987 | D:3      | Found a hide-covered altar of Uskayaw.
  1991 | D:3      | Found a burning altar of Makhleb.
  2000 | D:3      | Became a worshipper of the Wu Jian Council
  2000 | D:3      | Reached * piety under Wu Jian
  2000 | D:3      | Reached ** piety under Wu Jian
  2496 | D:3      | Killed Crazy Yiuf
  2591 | D:4      | Noticed Sigmund
  2612 | D:4      | Killed Sigmund
  2613 | D:4      | Reached skill level 6 in Unarmed Combat
  2613 | D:4      | Reached XP level 6. HP: 52/62 MP: 5/5
  2750 | D:4      | Noticed Grinder
  2759 | D:4      | Killed Grinder
  2760 | D:4      | Reached skill level 7 in Unarmed Combat
  2760 | D:4      | Reached XP level 7. HP: 57/71 MP: 6/6
  3074 | D:5      | Entered Level 5 of the Dungeon
  3306 | D:5      | Reached skill level 8 in Unarmed Combat
  3363 | D:5      | Reached skill level 5 in Fighting
  3396 | D:5      | Reached XP level 8. HP: 80/80 MP: 7/7
  3556 | D:5      | Reached *** piety under Wu Jian
  3624 | D:5      | Reached skill level 9 in Unarmed Combat
  3625 | D:5      | Found a white marble altar of Elyvilon.
  3626 | D:5      | Found a shadowy altar of Dithmenos.
  3630 | D:5      | Found a shimmering blue altar of Sif Muna.
  3852 | D:5      | Identified the ring of Boumoni {rF++ MP+9}
  4216 | D:6      | Found a staircase to the Ecumenical Temple.
  4509 | D:6      | Found a glowing silver altar of Zin.
  4678 | D:6      | Found a sacrificial altar of Ru.
  4869 | D:7      | Found a snail-covered altar of Cheibriados.
  4932 | D:7      | Reached skill level 10 in Unarmed Combat
  4941 | D:7      | Found a basalt altar of Yredelemnul.
  4951 | D:7      | Reached XP level 9. HP: 89/89 MP: 8/8
  4968 | D:7      | Noticed Menkaure
  4975 | D:7      | Killed Menkaure
  5176 | D:7      | Reached **** piety under Wu Jian
  5213 | D:7      | Reached skill level 11 in Unarmed Combat
  5239 | D:7      | Found Uvewk's Firing Range.
  5856 | D:8      | Reached skill level 12 in Unarmed Combat
  5979 | D:8      | Reached XP level 10. HP: 72/102 MP: 9/9
  6569 | D:9      | Noticed Psyche
  6572 | D:9      | Paralysed by Psyche for 3 turns
  6592 | D:9      | Cast into level 1 of the Abyss (Psyche)
  6896 | Abyss:1  | Noticed a wretched star
  6911 | Abyss:1  | Killed a wretched star
  6916 | Abyss:1  | Noticed a tentacled starspawn
  6950 | Abyss:1  | Slain by a tentacled starspawn

Illustrated notes

Levels and vault maps discovered:
D:1:      enne_arrival_octagon_isle, layout_loops_corners,
          ebering_ecumenical_altar_mist
D:2:      layout_basic, minivault_24, uniq_jessica
D:3:      layout_basic, nicolae_overflow_crystal_walls,
          grunt_temple_overflow_open, uniq_crazy_yiuf_cottage
D:4:      kennysheep_the_goblin_king, layout_basic, serial_corexii_hall,
          chequers_hall_statues_y, corexii_hall_statues_deadend, uniq_grinder,
          uniq_sigmund
D:5:      layout_gridville, nicolae_overflow_hidden_temple
D:6:      layout_basic, nicolae_ru_path_of_blood,
          mainiacjoe_overflow_cross_hatched, minmay_temple_entry_arrows,
          hex_tiny
D:7:      layout_basic, mainiacjoe_overflow_24_doors, slow_altar_1,
          amcnicky_mini_corridor_feature, nicolae_shop_firing_range,
          uniq_menkaure
D:8:      layout_basic
D:9:      wad_statue_garden, layout_basic, orc_0_dummy, uniq_psyche
Abyss:1:  base: D:7, base:
D:7

Skill      XL: |  1  2  3  4  5  6  7  8  9 |
---------------+----------------------------+-----
Unarmed Combat | 4 5 6 7 8 10 12 | 12.2
Fighting       | 3 4 5 6 7 |  7.5
Dodging        | |  2.4
Stealth        | |  1.0

Action                   |  1- 3 |  4- 6 |  7- 9 | 10-12 || total
-------------------------+-------+-------+-------+-------++-------
Melee: Unarmed           |    87 |   103 |   321 |    63 ||   574
       Punch             |     1 |     3 |    15 |     2 ||    21
Invok: Lunge             |       |     5 |    30 |       ||    35
       Whirlwind         |       |       |     2 |       ||     2
       Serpent's Lash    |       |       |     1 |       ||     1
 Abil: Wall Jump         |       |       |     1 |       ||     1
 Stab: Sleeping          |     3 |     5 |     6 |     1 ||    15
Armor: Robe              |    27 |    31 |    59 |       ||   117
       Steam dragon scal |       |       |    39 |    16 ||    55
Dodge: Dodged            |    42 |    43 |   172 |    16 ||   273

Table legend: (Time is in decaauts)
 A = Elapsed time spent in this place.
 B = Non-inter-level travel time spent in this place.
 C = Inter-level travel time spent in this place.
 D = Time resting spent in this place.
 E = Time spent auto-exploring this place.
 F = Levels seen in this place.
 G = Mean time per level.
                   A        B        C        D        E       F      G
               +--------+--------+--------+--------+--------+-----+--------+
         Total |   6882 |   6753 |    129 |    440 |   5050 |  10 |  688.2 |
       Dungeon |   6526 |   6397 |    129 |    165 |   5031 |   9 |  725.1 |
         Abyss |    355 |    355 |      0 |    275 |     19 |   1 |  355.0 |
               +--------+--------+--------+--------+--------+-----+--------+

Top non-repeatable levels by time:
     D:5: 1092 daAuts
     D:8: 983 daAuts
     D:3: 909 daAuts
     D:1: 899 daAuts
     D:2: 747 daAuts
     D:7: 694 daAuts
     D:6: 663 daAuts
     D:4: 500 daAuts
 Abyss:1: 355 daAuts
     D:9: 37 daAuts
